 Dungeon Crawl Stone Soup version 0.31-a0-1620-gcbf77bbcfc (webtiles) character file.

Game seed: 8316418715971549513

1991 whatisthis the Thaumaturge (level 9, -6/62 HPs)
             Began as a Purple Draconian Conjurer on Jan 11, 2024.
             Was a Follower of Vehumet.
             Shot with an arrow by a centaur warrior (15 damage)
             ... on level 8 of the Dungeon.
             The game lasted 00:17:33 (8150 turns).

whatisthis the Thaumaturge (DrCj)                   Turns: 8150, Time: 00:17:34

Health: -6/62      AC: 11    Str: 10    XL:     9   Next: 1%
Magic:  18/22      EV: 12    Int: 22    God:    Vehumet [*.....]
Gold:   255        SH:  0    Dex: 10    Spells: 19/26 levels left

rFire   . . .        l - +1 dagger (venom)
rCold   . . .        (no shield)
rNeg    + . .        (body armour unavailable)
rPois   .            (helmet restricted)
rElec   .            x - +0 cloak
rCorr   +            z - +0 pair of gloves
SInv    .            A - +1 pair of boots
Will    ++...        (no amulet)
Stlth   ++           f - ring of resist corrosion
HPRegen 0.30/turn    p - ring "Ehimergh" {rN+ Will+}
MPRegen 0.18/turn

%: no passive effects
@: very slightly contaminated
A: breathe power, AC +7, unfitting armour, cold-blooded
a: Breathe Dispelling Energy, Renounce Religion


You were on level 8 of the Dungeon.
You worshipped Vehumet.
Vehumet was aware of your devotion.
You visited 2 branches of the dungeon, and saw 9 of its levels.

You collected 255 gold pieces.

Inventory:

Hand Weapons
 c - a +2 whip of pain
 l - a +1 dagger of venom (weapon)
 t - a +5 club
Missiles
 i - 7 poisoned darts
Armour
 x - a +0 cloak (worn)
 z - a +0 pair of gloves (worn)
 A - a +1 pair of boots (worn)
Jewellery
 f - a ring of resist corrosion (left hand)
 j - a ring of positive energy
 p - the ring "Ehimergh" (right hand) {rN+ Will+}
   (You found it on level 2 of the Dungeon)

   [ring of positive energy]

   rN+:       It protects you from negative energy.
   Will+:     It increases your willpower.
Scrolls
 b - 2 scrolls of poison {unknown}
 d - 9 scrolls of teleportation
 g - 4 scrolls of vulnerability {unknown}
 n - 3 scrolls of noise {unknown}
 r - 2 scrolls of enchant weapon {unknown}
 u - a scroll of acquirement {unknown}
 v - a scroll of revelation {unknown}
 w - a scroll of blinking {unknown}
 y - 2 scrolls of identify {unknown}
 B - a scroll of amnesia {unknown}
Potions
 a - a potion of magic
 e - a potion of brilliance {unknown}
 h - a potion of invisibility {unknown}
 k - 5 potions of might {unknown}
 m - 5 potions of mutation {unknown}
 o - a potion of resistance {unknown}
 q - a potion of berserk rage {unknown}
 s - a potion of curing {unknown}


   Skills:
 - Level 1.7 Dodging
 - Level 1.7 Stealth
 + Level 9.4 Spellcasting
 + Level 9.3 Conjurations


You had 19 spell levels left.
You knew the following spells:

 Your Spells              Type           Power      Damage    Failure   Level
a - Magic Dart            Conj           100%       1d8       1%          1
b - Searing Ray           Conj           100%       2d8       1%          2
c - Fulminant Prism       Conj/Alch      15%        3d11      10%         4

Your spell library contained the following spells:

 Spells                   Type           Power      Damage    Failure   Level
 Kiss of Death            Conj/Necr      100%       2d13      1%          1
 Hailstorm                Conj/Ice       30%        3d8       2%          3
 Freeze                   Ice            40%        1d6       6%          1
 Iskenderun's Mystic Bla  Conj/Tloc      30%        2d8       10%         4
 Call Canine Familiar     Summ           10%        N/A       19%         3
 Frozen Ramparts          Ice            20%        1d4       19%         3
 Sigil of Binding         Hex            10%        N/A       19%         3
 Dimensional Bullseye     Hex/Tloc       5%         N/A       54%         4


Dungeon Overview and Level Annotations

Branches:
Dungeon (8/15)             Temple (1/1) D:6
   Lair: D:8-11

Altars:
Ashenzari
Cheibriados
Dithmenos
Elyvilon
Fedhas
Hepliaklqana
Kikubaaqudgha
Makhleb
Nemelex Xobeh
Okawaru
Ru
Trog
Uskayaw
Vehumet
Wu Jian
Xom
Yredelemnul
Zin
The Shining One

Shops:
D:1 (   D:4 (   D:8 *

Annotations:
D:3 Natasha
D:5 3 runed translucent doors, DeathSocks's ghost, novice MiGl
D:6 1 exclusion


Innate Abilities, Weirdness & Mutations

You can breathe bolts of dispelling energy.
Your rich purple scales are hard. (AC +7)
You cannot fit into any form of body armour.
You are cold-blooded and may be slowed by cold attacks.


Message History

The searing ray hits the centaur.
You kill the centaur!
Vehumet accepts your kill. (Press . to maintain the ray.)
You have reached level 9!
Your experience leads to an increase in your attributes!
Increase (S)trength, (I)ntelligence, or (D)exterity?
You feel clever. x2; Your scales feel tougher.
You start resting.
Magic restored.
A two-headed ogre comes into view.
It is wielding two +0 giant spiked clubs.
Found Gozag's Platinum Reserve.
The two-headed ogre shouts in stereo!
Okay, then.
There is a stone staircase leading up here.
You climb upwards.
There is a stone staircase leading down here.
This spell is dangerous to cast!
You start memorising the spell.
You continue memorising. x4
You finish memorising.
Spell assigned to 'c'.
There is an open door here.
There is an open door here.
You see here a +0 mace.
There is a stone staircase leading down, spattered with blood here.
You climb downwards.
The centaur warrior shouts!
The centaur warrior shoots an arrow.
The arrow hits you!
The centaur warrior shoots an arrow.
The arrow hits you!!
There is a stone staircase leading up, spattered with blood here.
Casting: Searing Ray (safe; 1% risk of failure)
Confirm with . or Enter, or press ? or * to list all spells.
Aiming: Fulminant Prism (dangerous; 10% risk of failure)
Press: ? - help, Dir - move target You miscast Fulminant Prism.
You are very lightly contaminated with residual magic.
Nothing appears to happen.
The centaur warrior shoots an arrow.
The arrow hits you!!
* * * LOW HITPOINT WARNING * * *
The centaur warrior shoots an arrow.
The arrow hits you!
You die...

#### ## .)...
####. .....
###.... ...... .
.......## #......
.##.###@###.......
......[.)[[.......
####
.##.#####[........
.... #..####.##
.... #.c# ..# #..#
###..# #..# .....#
...# ....## #...


You could see a centaur warrior.

Vanquished Creatures
  Maggie (D:6)
  A yak (D:8)
  A wraith (D:7)
  A black bear (D:6)
  An orc warrior (D:7)
  A sky beast (D:6)
  2 centaurs
  4 bullfrogs
  A scorpion (D:5)
  A wight (D:6)
  A jelly (D:5)
  A bombardier beetle (D:5)
  A gnoll bouda (D:7)
  2 hounds
  Crazy Yiuf (D:5)
  Jessica (D:2)
  4 iguanas
  3 orc wizards
  2 sleepcaps
  4 gnolls
  3 adders
  A shadow imp (D:6)
  A white imp (D:7)
  4 ufetubi (D:6)
  2 ribbon worms
  3 dart slugs
  11 orcs
  6 endoplasms
  3 giant cockroaches (D:1)
  6 goblins
  4 hobgoblins
  2 jackals (D:1)
  8 kobolds
  2 quokkas
  7 ball pythons
  3 bats (D:1)
  4 frilled lizards
  5 rats
109 creatures vanquished.

Vanquished Creatures (others)
  An orc wizard (D:8)
1 creature vanquished.

Grand Total: 110 creatures vanquished

Notes
Turn   | Place    | Note
-------+----------+-------------------------------------------
     0 | D:1      | whatisthis the Draconian Conjurer began the quest for the
                  | Orb.
     0 | D:1      | Reached XP level 1. HP: 14/14 MP: 3/3
   259 | D:1      | Reached XP level 2. HP: 20/20 MP: 0/5
  1171 | D:1      | Reached XP level 3. HP: 26/26 MP: 2/7
  1243 | D:1      | Found Miprigyb's Antique Weapon Shop.
  1705 | D:2      | Learned a level 2 spell: Searing Ray
  1768 | D:2      | Identified the ring "Ehimergh" {rN+ Will+}
  1910 | D:2      | Identified the +6 whip of the Harvest {venom, *Rage rElec
                  | rF+ Dex+3}
  2235 | D:2      | Found a shimmering altar of Xom.
  2675 | D:2      | Noticed Jessica
  2677 | D:2      | Killed Jessica
  2678 | D:2      | Reached skill level 5 in Conjurations
  2678 | D:2      | Reached XP level 4. HP: 33/33 MP: 5/8
  2832 | D:3      | Noticed Natasha
  3149 | D:3      | You fall into a shaft and drop 3 floors!
  3196 | D:6      | Noticed a centaur
  3208 | D:6      | Killed a centaur
  3209 | D:6      | Reached XP level 5. HP: 20/38 MP: 10/10
  3293 | D:6      | Found a staircase to the Ecumenical Temple.
  3301 | Temple   | Entered the Ecumenical Temple
  3314 | Temple   | Became a worshipper of Vehumet
  3345 | D:6      | Noticed a sky beast
  3379 | D:6      | Killed a sky beast
  3403 | D:6      | Found a shimmering altar of Xom.
  3413 | D:6      | Reached XP level 6. HP: 21/45 MP: 12/12
  3685 | D:6      | Noticed Maggie
  3797 | D:5      | Entered Level 5 of the Dungeon
  4143 | D:4      | Found Kiuxirph's Weapon Shop.
  4661 | D:5      | Found an ancient bone altar of Kikubaaqudgha.
  4754 | D:5      | Reached skill level 5 in Spellcasting
  4954 | D:5      | Your scales start taking on a rich purple colour.
  4954 | D:5      | Reached XP level 7. HP: 43/50 MP: 6/16
  5267 | D:5      | Found a runed translucent gate.
  5267 | D:5      | Noticed DeathSocks's ghost (novice MiGl)
  5320 | D:5      | Found a runed translucent gate.
  5321 | D:5      | Found a runed translucent gate.
  5338 | D:5      | Found a runed translucent door.
  5339 | D:5      | Noticed Crazy Yiuf
  5523 | D:5      | Killed Crazy Yiuf
  5938 | D:6      | Noticed a yak
  6137 | D:6      | Killed Maggie
  6138 | D:6      | Reached XP level 8. HP: 24/57 MP: 4/19
  6528 | D:6      | Found a glowing golden altar of the Shining One.
  6933 | D:7      | Reached * piety under Vehumet
  6933 | D:7      | Offered knowledge of Kiss of Death by Vehumet.
  7593 | D:8      | Noticed a two-headed ogre
  7944 | D:8      | Noticed a centaur warrior
  8053 | D:8      | Reached XP level 9. HP: 55/62 MP: 18/22
  8099 | D:8      | Found Gozag's Platinum Reserve.
  8099 | D:8      | Noticed a two-headed ogre
  8124 | D:7      | Learned a level 4 spell: Fulminant Prism
  8150 | D:8      | Shot with an arrow by a centaur warrior

Illustrated notes

Levels and vault maps discovered:
D:1:      eino_arrival_cavern_d, layout_basic, serial_bayou,
          serial_bayou_lake_a, serial_bayou_ford_a, serial_bayou_pond_b,
          serial_bayou_pond_b, serial_bayou_crossing, serial_shops,
          nicolae_shop_trees, corner_web_ring, minmay_misc_feat_secret_circle
D:2:      minmay_kobold_bridge, layout_basic, basic_altar, uniq_jessica
D:3:      layout_rooms, mainiacjoe_overflow_divided_tiny,
          gammafunk_ghost_nasty_kobolds, uniq_natasha
D:4:      layout_basic, serial_shops, nicolae_shop_bloodbath_and_beyond
D:5:      layout_cave_pools, mainiacjoe_overflow_small_starburst,
          biasface_ghost_orc_armoury, serial_column_ruins, column_ruins_hut,
          column_ruins_corridor_straight, column_ruins_open_small,
          column_ruins_corridor_corner, column_ruins_columns_straight,
          column_ruins_open_large, chequers_arboretum, hex_medium,
          nrook_pool_corridor, uniq_crazy_yiuf_cottage
D:6:      kennysheep_spiral_hall, layout_loops_ring, brannock_xom_greatest_gift,
          nicolae_tso_swordbearing_angel, minmay_temple_entry_tees,
          chequers_serial_rivers_micro_c, uniq_maggie
D:7:      layout_gridville
D:8:      nzn_winding_woodlands_stair_cross
          [nzn_winding_woodlands_5x15_river_crossing,
          nzn_winding_woodlands_center_lodge,
          nzn_winding_woodlands_5x15_sidewinder,
          nzn_winding_woodlands_5x5_cross, nzn_winding_woodlands_5x5_three,
          nzn_winding_woodlands_5x15_zeroes,
          nzn_winding_woodlands_center_garden,
          nzn_winding_woodlands_5x15_crooked], layout_loops_ring,
          nicolae_gozag_zags_fifth_avenue, kennysheep_another_room, uniq_psyche
Temple:   regret_index_temple_sphere_string

Skill      XL: |  1  2  3  4  5  6  7  8 |
---------------+-------------------------+-----
Spellcasting   | 3 4 6 7 9 |  9.4
Conjurations   | 5 6 7 9 |  9.3
Dodging        | |  1.7
Stealth        | |  1.7

Action                     |  1- 3 |  4- 6 |  7- 9 || total
---------------------------+-------+-------+-------++-------
  Melee: Unarmed           |    12 |       |       ||    12
         Tailslap          |     3 |     8 |    10 ||    21
         Whip              |     3 |       |       ||     3
         Dagger            |       |    50 |    54 ||   104
         Punch             |       |     2 |     3 ||     5
  Throw: Dart              |       |     3 |       ||     3
   Cast: Magic Dart        |    81 |    48 |    64 ||   193
         Searing Ray       |     1 |     7 |    34 ||    42
Ability: Breathe Dispellin |       |       |     3 ||     3
  Evoke: Wand              |       |     7 |       ||     7
    Use: Scroll            |       |     1 |       ||     1
   Stab: Paralysed         |       |    14 |       ||    14
 Armour: Skin              |    14 |    65 |    75 ||   154
  Dodge: Dodged            |    16 |    91 |    63 ||   170

Table legend: (Time is in decaauts)
 A = Elapsed time spent in this place.
 B = Non-inter-level travel time spent in this place.
 C = Inter-level travel time spent in this place.
 D = Time resting spent in this place.
 E = Time spent auto-exploring this place.
 F = Levels seen in this place.
 G = Mean time per level.
                   A        B        C        D        E       F      G
               +--------+--------+--------+--------+--------+-----+--------+
         Total |   8215 |   7791 |    424 |   1182 |   5241 |   9 |  912.8 |
       Dungeon |   8188 |   7788 |    400 |   1182 |   5241 |   8 | 1023.5 |
        Temple |     26 |      2 |     24 |      0 |      0 |   1 |   26.0 |
               +--------+--------+--------+--------+--------+-----+--------+

Top non-repeatable levels by time:
     D:6: 1742 daAuts
     D:1: 1650 daAuts
     D:2: 1319 daAuts
     D:7: 1248 daAuts
     D:5: 1015 daAuts
     D:4: 836 daAuts
     D:3: 231 daAuts
     D:8: 144 daAuts
  Temple: 26 daAuts
